 Dungeon Crawl Stone Soup version 0.30-a0-800-g7c544603b3 (webtiles) character file.

Game seed: 14886130180859680342

32550 dolemite99 the Fighter (level 14, -12/107 HPs)
             Began as a Djinni Fire Elementalist on Feb 21, 2023.
             Was an Initiate of Gozag.
             Mangled by an orc high priest
             ... wielding a +3 heavy morningstar
              (25 damage)
             ... on level 2 of the Orcish Mines on Feb 22, 2023.
             The game lasted 00:33:29 (33221 turns).

dolemite99 the Fighter (Djinni Fire Elementalist)  Turns: 33221, Time: 00:33:30

Health: -12/107    AC: 11    Str:  7    XL:     14   Next: 3%
Gold:   2739       EV: 13    Int: 27    God:    Gozag SH:  0 Dex: 15

rFire   + + .      SeeInvis .    a - +5 sling (freeze)
rCold   . . .      Faith    .    (no shield)
rNeg    . . .      Spirit   .    p - +2 robe {Will+}
rPois   ∞          Reflect  .    C - +2 helmet
rElec   .          Harm     .    c - +0 cloak
rCorr   .          Rampage  .    n - +2 pair of gloves
Will    ++...                    (boots unavailable)
Stlth   ++                       B - amulet of the acrobat
HPRegen 0.37/turn                k - +6 ring of intelligence
MPRegen 0.00/turn                h - ring of protection from cold

@: flying
A: sickness immunity, fire resistance 2, cold vulnerability 1, float, innate
caster, HP casting, extra vitality 1
a: Renounce Religion, Potion Petition, Call Merchant, Bribe Branch


You were on level 2 of the Orcish Mines.
You worshipped Gozag.
Gozag was most pleased with you.
You visited 5 branches of the dungeon, and saw 20 of its levels.

You collected 3753 gold pieces.
You spent 128 gold pieces at shops.
You paid 886 gold pieces to Gozag.

Inventory:

Hand Weapons
 a - a +5 sling of freezing (weapon)
 b - the +8 rapier "Facoc" {venom, rPois rF+ SInv}
   (You found it on level 8 of the Dungeon)

   rF:        It protects you from fire.
   rPois:     It protects you from poison.
   SInv:      It lets you see invisible.
 g - a +2 eveningstar
 j - a +0 vampiric long sword
 x - a +1 flail of draining
 G - a +0 dagger of venom
Missiles
 d - 11 boomerangs
 i - 27 poisoned darts
 l - 6 javelins
 t - 3 datura-tipped darts
Armour
 c - a +0 cloak (worn)
 n - a +2 pair of gloves (worn)
 p - a +2 robe of willpower (worn)
 C - a +2 helmet (worn)
Jewellery
 h - a ring of protection from cold (right hand)
 k - a +6 ring of intelligence (left hand)
 v - an amulet of reflection
 y - a ring of willpower
 B - an amulet of the acrobat (around neck)
Wands
 r - a wand of paralysis (22)
 A - a wand of digging (5)
 I - a wand of flame (11)
Scrolls
 f - a scroll of teleportation
 s - 3 scrolls of immolation
 u - 7 scrolls of identify {@r1}
 w - 6 scrolls of magic mapping
 E - a scroll of acquirement {unknown}
Potions
 e - 2 potions of haste {unknown}
 m - 2 potions of curing
 o - 4 potions of degeneration
 q - 2 potions of might
 D - 3 potions of brilliance {unknown}
 F - a potion of ambrosia {unknown}
 J - 2 potions of resistance {unknown}
 K - 3 potions of attraction {unknown}
Miscellaneous
 H - a phial of floods


   Skills:
 + Level 12.2 Fighting
 - Level 8.2 Short Blades
 - Level 7.6 Ranged Weapons
 - Level 3.9 Dodging
 - Level 1.5 Stealth
 + Level 9.4 Spellcasting
 - Level 9.0 Evocations


You knew the following spells:

 Your Spells              Type           Power      Damage    Failure   Level
a - Foxfire               Conj/Fire      100%       2x1d9     1%          1
b - Magic Dart            Conj           100%       1d8       1%          1
c - Scorch                Fire           100%       2d10      1%          2
d - Flame Wave            Conj/Fire      59%        2d14      1%          4
e - Inner Flame           Hex/Fire       59%        N/A       1%          3
f - Kindle Blastsparks    Fire/Tloc/Air  100%       2d18      1%          3
g - Wereblood             Tmut           59%        N/A       1%          2
h - Tukima's Dance        Hex            59%        N/A       1%          3
i - Animate Dead          Necr           59%        N/A       1%          4
j - Alistair's Intoxicat  Tmut/Pois      39%        N/A       2%          5
o - Ozocubu's Armour      Ice            59%        N/A       1%          3
Your spell library was empty.

Dungeon Overview and Level Annotations

Branches:
Dungeon (12/15)            Temple (1/1) D:6            Lair (4/5) D:11
 Shoals (0/4) Lair:3       Spider (1/4) Lair:3        Slime (0/5) Lair:4
    Orc (2/2) D:12            Elf (0/3) Orc:2

Altars:
Ashenzari
Cheibriados
Dithmenos
Elyvilon
Fedhas
Gozag
Hepliaklqana
Makhleb
Nemelex Xobeh
Okawaru
Qazlal
Ru
Trog
Uskayaw
Wu Jian
Xom
Yredelemnul
Zin
The Shining One
Jiyva

Shops:
D:4 *   D:10 =

Annotations:
D:4 Sigmund
Spider:1 Rupert


Innate Abilities, Weirdness & Mutations

You are immune to sickness and miasma.
You are immune to poison.
Your flesh is very heat resistant. (rF++)
You are vulnerable to cold. (rC-)
You float through the air rather than walking.
You learn spells naturally, not from books.
Your magical power is your life essence.
You have superior vitality. (+4 MHP)


Message History

Casting: Scorch (safe; 1% risk of failure)
Confirm with . or Enter, or press ? or * to list all spells.
Flames lash the orc high priest.
The orc high priest is heavily wounded.
The orc high priest's fire resistance burns away.
The orc high priest mumbles some strange prayers to Beogh.
Casting: Scorch (safe; 1% risk of failure)
Confirm with . or Enter, or press ? or * to list all spells.
Flames lash the orc high priest.
The orc high priest is burned terribly!
The orc high priest is severely wounded.
The orc high priest is distracted by your dazzling golden aura.
Casting: Scorch (safe; 1% risk of failure)
Confirm with . or Enter, or press ? or * to list all spells.
Flames lash the ice devil.
The ice devil is lightly wounded.
The ice devil's fire resistance burns away.
The orc high priest shouts!
Casting: Scorch (safe; 1% risk of failure)
Confirm with . or Enter, or press ? or * to list all spells.
Flames lash the ice devil.
The ice devil is burned terribly!
The ice devil is lightly wounded.
The orc high priest is no longer distracted by gold.
The ice devil hits you but does no damage.
Casting: Scorch (safe; 1% risk of failure)
Confirm with . or Enter, or press ? or * to list all spells.
Flames lash the ice devil.
The ice devil is burned terribly!
The ice devil is moderately wounded.
The sun demon hits you!
You are engulfed in flames.
You resist. The ice devil hits you! The ice devil freezes you!!
Casting: Scorch (safe; 1% risk of failure)
Confirm with . or Enter, or press ? or * to list all spells.
Flames lash the sun demon.
The sun demon completely resists.
* * * LOW HITPOINT WARNING * * *
The sun demon hits you!
* * * LOW HITPOINT WARNING * * *
You are engulfed in flames.
You resist.
* * * LOW HITPOINT WARNING * * *
The orc high priest hits you with a +3 heavy morningstar!!
You die...
Your body crumbles into a pile of gold.

### ############# ###
##.#######.....##...#.
##.#####...##................
#.[.#......#.................
##.))..).....................
##.#.))..........#..........
#####.).$.@3...............
##)...4o...............
#...##$................
##...#.................
##.###................ ###
.....#...........
................
....#...........
................


You could see an orc high priest (combustible), a sun demon (summoned) and an
ice devil (summoned, combustible).

Vanquished Creatures
  A catoblepas (Lair:1)
  A hydra (Lair:3)
  2 boulder beetles
  A death yak (Lair:4)
  4 two-headed ogres
  2 orc high priests
  Urug (D:11)
  A pharaoh ant (Lair:3)
  An orc sorcerer (Orc:2)
  An orc knight (Orc:2)
  An ugly thing (D:12)
  3 cyclopes
  3 black mambas
  8 elephants
  A merfolk siren (Lair:3)
  Joseph (D:9)
  6 cane toads
  4 gargoyles
  2 komodo dragons
  A hornet (D:10)
  3 trolls
  5 blink frogs (Lair:4)
  A tarantella (Lair:3)
  A wraith (D:9)
  A jumping spider (Lair:3)
  30 yaks
  2 basilisks
  3 wyverns
  2 vampire mosquitoes (D:12)
  3 steam dragons
  A warg (Orc:2)
  Menkaure (D:5)
  10 water moccasins
  An acid dragon (D:10)
  A black bear (D:6)
  17 orc warriors
  An ogre (Orc:1)
  3 wolves (Lair:3)
  2 centaurs
  2 phantoms
  7 bullfrogs
  A gnoll sergeant (D:10)
  A necrophage (D:6)
  3 scorpions
  Dowan (D:7)
  12 wights
  3 killer bees (D:10)
  2 howler monkeys (D:12)
  An electric eel (Lair:2)
  15 orc priests
  4 hounds
  A jelly (D:6)
  7 iguanas
  Ijyb (D:4)
  19 orc wizards
  15 gnolls
  9 adders
  2 shadow imps
  2 white imps (D:7)
  4 worms
  3 dart slugs
  62 orcs
  6 endoplasms
  6 goblins
  9 hobgoblins
  4 jackals (D:4)
  7 quokkas
  7 ball pythons
  7 bats
  2 frilled lizards
  6 kobolds
  5 rats
369 creatures vanquished.

Vanquished Creatures (collateral kills)
  2 orc warriors (Orc:2)
  3 orcs (Orc:2)
  6 foxfires
11 creatures vanquished.

Vanquished Creatures (others)
  A dancing weapon (Orc:2)
  A butterfly (D:8)
  461 foxfires
  22 fungi
  27 plants
512 creatures vanquished.

Grand Total: 892 creatures vanquished

Notes
Turn   | Place    | Note
-------+----------+-------------------------------------------
     0 | D:1      | dolemite99 the Djinni Fire Elementalist began the quest for
                  | the Orb.
     0 | D:1      | dolemite99 set off with the following spells memorised:
                  | Foxfire, Scorch, Kindle Blastsparks, Inner Flame, Flame
                  | Wave.
     0 | D:1      | Reached XP level 1. HP: 15/15 MP: 0/0
   168 | D:1      | Reached XP level 2. HP: 20/21 MP: 0/0
   575 | D:1      | Reached XP level 3. HP: 25/25 MP: 0/0
   575 | D:1      | Learned a level 1 spell: Magic Dart
  1011 | D:3      | Found an ornate altar of the Wu Jian Council.
  1202 | D:2      | Reached XP level 4. HP: 18/31 MP: 0/0
  1634 | D:2      | Reached skill level 1 in Fighting
  2160 | D:2      | Found a faded altar of an unknown god.
  2291 | D:3      | Reached skill level 2 in Fighting
  2291 | D:3      | Reached XP level 5. HP: 32/39 MP: 0/0
  2291 | D:3      | Learned a level 2 spell: Wereblood
  2432 | D:3      | Identified the +3 ring mail of Agnosticism {rC+ rN+ Will+
                  | Slay-6}
  2659 | D:4      | Noticed Ijyb
  2676 | D:4      | Killed Ijyb
  2677 | D:4      | Reached skill level 3 in Fighting
  3348 | D:4      | Found Icretud's Assorted Antiques.
  3360 | D:4      | Bought a scroll labelled CUISEOROTE for 32 gold pieces
  3360 | D:4      | Bought a scroll labelled ITITEU HIQIPISUJ for 32 gold
                  | pieces
  3360 | D:4      | Bought a scroll of identify for 64 gold pieces
  3608 | D:4      | Noticed Sigmund
  3657 | D:5      | Entered Level 5 of the Dungeon
  3660 | D:5      | Reached XP level 6. HP: 33/46 MP: 0/0
  3686 | D:5      | Reached skill level 4 in Fighting
  4201 | D:5      | Reached XP level 7. HP: 47/53 MP: 0/0
  4201 | D:5      | Learned a level 3 spell: Tukima's Dance
  5569 | D:5      | Reached skill level 5 in Fighting
  5723 | D:5      | Noticed a water moccasin
  6010 | D:5      | Killed a water moccasin
  6011 | D:5      | Reached skill level 5 in Spellcasting
  6461 | D:5      | Noticed Menkaure
  6481 | D:5      | Killed Menkaure
  6482 | D:5      | Reached XP level 8. HP: 33/61 MP: 0/0
  7289 | D:6      | Reached skill level 6 in Fighting
  8360 | D:6      | Found a basalt altar of Yredelemnul.
  8392 | D:6      | Reached skill level 7 in Fighting
  8520 | D:6      | Found a staircase to the Ecumenical Temple.
  8536 | D:6      | Reached XP level 9. HP: 39/68 MP: 0/0
  8536 | D:6      | Learned a level 3 spell: Ozocubu's Armour
  8835 | Temple   | Entered the Ecumenical Temple
  8835 | Temple   | Found a transporter.
  8835 | Temple   | Found a transporter.
  8837 | Temple   | Found a transporter.
  8837 | Temple   | Found a transporter.
  8880 | Temple   | Became a worshipper of Gozag Ym Sagoz the Greedy
  9427 | D:7      | Reached skill level 8 in Fighting
 10698 | D:7      | Noticed Dowan
 10714 | D:7      | Killed Dowan
 11379 | D:8      | Identified the +8 rapier "Facoc" {venom, rPois rF+ SInv}
 11532 | D:8      | Identified the +2 leather armour "Omih" {rF++ rC+ rN+}
 12139 | D:8      | Reached skill level 1 in Short Blades
 12206 | D:8      | Found a white marble altar of Elyvilon.
 12789 | D:8      | Reached XP level 10. HP: 60/77 MP: 0/0
 13307 | D:9      | Noticed a two-headed ogre
 13323 | D:9      | Killed a two-headed ogre
 13324 | D:9      | Reached skill level 5 in Short Blades
 14456 | D:9      | Noticed Joseph
 14467 | D:9      | Killed Joseph
 15316 | D:9      | Noticed a cyclops
 15329 | D:9      | Killed a cyclops
 16011 | D:10     | Entered Level 10 of the Dungeon
 16018 | D:10     | Reached skill level 1 in Evocations
 16088 | D:10     | Reached XP level 11. HP: 62/82 MP: 0/0
 16088 | D:10     | Learned a level 4 spell: Animate Dead
 16321 | D:10     | Noticed a two-headed ogre
 16328 | D:10     | Killed a two-headed ogre
 16335 | D:10     | Reached skill level 5 in Evocations
 17963 | D:10     | Found a hazy altar of Hepliaklqana.
 18188 | D:11     | Noticed a cyclops
 18193 | D:11     | Killed a cyclops
 18407 | D:11     | Noticed Urug
 18427 | D:11     | Killed Urug
 18428 | D:11     | Reached skill level 9 in Fighting
 18474 | D:11     | Noticed a boulder beetle
 18483 | D:11     | Killed a boulder beetle
 18558 | D:11     | Noticed a two-headed ogre
 18563 | D:11     | Killed a two-headed ogre
 18717 | D:11     | Noticed a cyclops
 18725 | D:11     | Killed a cyclops
 19410 | D:11     | Noticed a two-headed ogre
 19421 | D:11     | Killed a two-headed ogre
 19422 | D:11     | Reached skill level 10 in Fighting
 19463 | D:11     | Reached XP level 12. HP: 37/91 MP: 0/0
 19971 | D:11     | Found a staircase to the Lair.
 20137 | Lair:1   | Entered Level 1 of the Lair of Beasts
 20312 | Lair:1   | Identified the +0 chain mail of the Farmer {rC+}
 20636 | Lair:1   | Noticed a catoblepas
 20671 | Lair:1   | Killed a catoblepas
 22806 | Lair:2   | Reached skill level 1 in Ranged Weapons
 24485 | Lair:3   | Identified the +8 glaive of Discomfort {distort, Will++
                  | Str+4 Int-4}
 24563 | Lair:3   | Noticed an eight-headed hydra
 24599 | Lair:3   | Killed an eight-headed hydra
 24661 | Lair:3   | Reached XP level 13. HP: 73/97 MP: 0/0
 24661 | Lair:3   | Learned a level 5 spell: Alistair's Intoxication
 24675 | Lair:3   | Reached skill level 5 in Ranged Weapons
 25791 | Lair:3   | Found a staircase to the Shoals.
 26182 | Lair:3   | Found a hole to the Spider Nest.
 26591 | Spider:1 | Entered Level 1 of the Spider Nest
 26591 | Spider:1 | Noticed Rupert
 27582 | Lair:4   | Found a staircase to the Slime Pits.
 27583 | Lair:4   | Found a viscous altar of Jiyva.
 27671 | Lair:4   | Reached skill level 11 in Fighting
 29566 | D:12     | Found a staircase to the Orcish Mines.
 29575 | Orc:1    | Entered Level 1 of the Orcish Mines
 31172 | Orc:2    | Entered Level 2 of the Orcish Mines
 32016 | Orc:2    | Found a staircase to the Elven Halls.
 32430 | Orc:2    | Reached skill level 12 in Fighting
 32743 | Orc:2    | Reached XP level 14. HP: 54/107 MP: 0/0
 33221 | Orc:2    | Mangled by an orc high priest

Illustrated notes

Levels and vault maps discovered:
D:1:      minmay_arrival_diagonal_passages, layout_basic, st_stairs_7
D:2:      layout_rooms, hellmonk_ecumenical_altar_leap_of_faith,
          nrook_mini_backslash
D:3:      layout_rooms, mainiacjoe_overflow_cross_hatched,
          hangedman_feature_mirror, kennysheep_generic_room_16
D:4:      lemuel_castle_with_subvaults [lemuel_castle_interior_carwin_1],
          layout_basic, serial_shops, nicolae_diamond_shop, serial_glass,
          glass_columns_b, glass_columns_c, sigmund_edmund_badplayer, uniq_ijyb
D:5:      layout_basic, water_boxes_lemuel, uniq_menkaure
D:6:      layout_basic, old_standard_altar, temple_statues,
          minmay_misc_feat_square
D:7:      layout_basic, uniq_duvessa
D:8:      layout_layer_cave, nicolae_elyvilon_peaceful_grove,
          kennysheep_mini_moat, skrybe_limestone_x
D:9:      layout_grid_maze, hangedman_glass_teeth, uniq_joseph
D:10:     layout_loops_ring, lemuel_tele_altar
D:11:     layout_loops_ring, lair_entry_dummy, led_sif_pool, uniq_urug
D:12:     layout_irregular_city, orc_0_dummy
Temple:   hellmonk_temple_divided_pantheon
Lair:1:   layout_gridlike, small_statue_intersection, grunt_megastairs_1,
          lemuel_fruit_fields
Lair:2:   layout_cave_pods, serial_bayou_shore_a
Lair:3:   layout_layer_cave, minmay_shoals_entry_lonely_mermaid,
          nicolae_spider_entry_lesser_pyramids
Lair:4:   layout_roguey, slime_entry_1, beast_lair_carwin_5
Spider:1: layout_chambers, ebering_ghost_xom, guppyfry_hornet_nest, uniq_rupert
Orc:1:    layout_diamond_mine, basic_altar, nicolae_orc_crystal_geode
Orc:2:    st_orc_congregation, layout_diamond_mine

Skill      XL: |  1  2  3  4  5  6  7  8  9 10 11 12 13 |
---------------+----------------------------------------+-----
Spellcasting   | 3 4 5 6 7 8 9 |  9.4
Fighting       | 2 3 4 5 7 8 10 12 | 12.2
Dodging        | 3 |  3.9
Short Blades   | 3 8 |  8.2
Evocations     | 2 6 9 |  9.0
Ranged Weapons | 4 7 |  7.6
Stealth        | |  1.5

Action                     |  1- 3 |  4- 6 |  7- 9 | 10-12 | 13-15 || total
---------------------------+-------+-------+-------+-------+-------++-------
  Melee: Trident           |       |       |    17 |       |       ||    17
         Punch             |       |       |     1 |       |       ||     1
         Rapier            |       |       |     2 |       |     3 ||     5
   Fire: Sling             |       |       |    23 |    73 |   143 ||   239
   Cast: Foxfire           |    28 |    51 |    39 |    76 |    67 ||   261
         Magic Dart        |    14 |    29 |    32 |     9 |       ||    84
         Scorch            |     3 |    48 |    84 |   120 |    79 ||   334
         Flame Wave        |       |       |    11 |    25 |    38 ||    74
         Kindle Blastspark |       |       |       |     3 |       ||     3
         Tukima's Dance    |       |       |       |       |     7 ||     7
 Invoke: Call Merchant     |       |       |       |     1 |       ||     1
  Evoke: Wand              |       |       |       |    26 |    21 ||    47
         Phial of floods   |       |       |       |       |     1 ||     1
    Use: Scroll            |       |    12 |    11 |    10 |     3 ||    36
         Potion            |       |     2 |     4 |     3 |       ||     9
   Stab: Paralysed         |       |       |       |       |     3 ||     3
 Armour: Robe              |     5 |     6 |    35 |    58 |    49 ||   153
  Dodge: Dodged            |    18 |    42 |    57 |   193 |   180 ||   490
  Block: Other             |       |       |     5 |    14 |       ||    19

Table legend: (Time is in decaauts)
 A = Elapsed time spent in this place.
 B = Non-inter-level travel time spent in this place.
 C = Inter-level travel time spent in this place.
 D = Time resting spent in this place.
 E = Time spent auto-exploring this place.
 F = Levels seen in this place.
 G = Mean time per level.
                   A        B        C        D        E       F      G
               +--------+--------+--------+--------+--------+-----+--------+
         Total |  33269 |  32632 |    637 |  17418 |  11018 |  20 | 1663.4 |
       Dungeon |  20826 |  20324 |    502 |  11158 |   6778 |  12 | 1735.5 |
        Temple |     62 |     62 |      0 |      0 |      1 |   1 |   62.0 |
          Lair |   8729 |   8595 |    134 |   4056 |   3309 |   4 | 2182.2 |
   Spider Nest |      1 |      1 |      0 |      0 |      0 |   1 |    1.0 |
  Orcish Mines |   3647 |   3647 |      0 |   2204 |    930 |   2 | 1823.5 |
               +--------+--------+--------+--------+--------+-----+--------+

Top non-repeatable levels by time:
     D:9: 2735 daAuts
  Lair:3: 2689 daAuts
     D:5: 2511 daAuts
  Lair:2: 2388 daAuts
     D:6: 2185 daAuts
    D:10: 2179 daAuts
    D:11: 2172 daAuts
     D:4: 2150 daAuts
   Orc:1: 1957 daAuts
     D:8: 1951 daAuts
  Lair:4: 1909 daAuts
     D:7: 1815 daAuts
  Lair:1: 1743 daAuts
   Orc:2: 1690 daAuts
     D:2: 1101 daAuts
